 Dungeon Crawl Stone Soup version 0.27.1-3-gb3d3a73c9e (webtiles) character file.

Game seed: 16050183087460300183

128 barney the Changer (level 4, 0/35 HPs)
             Began as a Draconian Transmuter on Oct 5, 2021.
             Slain by a ball python (2 damage)
             ... on level 3 of the Dungeon.
             The game lasted 00:03:08 (2911 turns).

barney the Changer (Draconian Transmuter)           Turns: 2911, Time: 00:03:08

Health: 0/35       AC:  5    Str: 12    XL:     4   Next: 87%
Magic:  6/7        EV:  9    Int: 14    God:
Gold:   65         SH:  0    Dex: 12    Spells: 1/7 levels left

rFire    . . .     SeeInvis .     - Unarmed
rCold    . . .     Faith    .   (no shield)
rNeg     . . .     Spirit   .   (armour unavailable)
rPois    .         Reflect  .   (helmet restricted)
rElec    .         Harm     .   (no cloak)
rCorr    .         Rampage  .   (no gloves)
Will     .....                  (no boots)
Stlth    +.........             (no amulet)
HPRegen  0.11/turn              (no ring)
MPRegen  0.10/turn              (no ring)

@: mighty, constricted
A: AC +5, unfitting armour, cold-blooded
a: no special abilities


You were on level 3 of the Dungeon.
You visited 1 branch of the dungeon, and saw 3 of its levels.

You collected 65 gold pieces.

Inventory:

Jewellery
 e - a +6 ring of dexterity
Wands
 g - a wand of flame (22)
Scrolls
 a - a scroll of magic mapping {unknown}
 c - a scroll of fog {unknown}
 d - 3 scrolls of identify {unknown}
 k - a scroll of teleportation {unknown}
Potions
 h - a potion of curing {unknown}
 i - a potion of degeneration {unknown}
 j - a potion of ambrosia {unknown}


   Skills:
 - Level 1.1 Fighting
 - Level 1.7 Dodging
 - Level 3.0 Unarmed Combat
 - Level 2.0 Spellcasting
 + Level 5.1 Transmutations


You had one spell level left.
You knew the following spells:

 Your Spells              Type           Power      Damage    Failure   Level
a - Beastly Appendage     Tmut           30%        N/A       2%          1
b - Spider Form           Tmut/Pois      4%         N/A       24%         3
c - Wereblood             Tmut           15%        N/A       4%          2

Your spell library contained the following spells:

 Spells                   Type           Power      Damage    Failure   Level
 Freeze                   Ice            4%         1d3       24%         1
 Frozen Ramparts          Ice            2%         1d2       56%         3
 Ice Form                 Ice/Tmut       8%         N/A       63%         4
 Hailstorm                Conj/Ice       1%         3d3       93%         4


Dungeon Overview and Level Annotations

Branches:
Dungeon (3/15)

Altars:

Shops:
D:1 :


Innate Abilities, Weirdness & Mutations

Your plain brown scales are hard. (AC +5)
You cannot fit into any form of body armour.
You are cold-blooded and may be slowed by cold attacks.


Message History

The bat closely misses you.
You closely miss the bat. The bat barely misses you.
The bat hits you but does no damage.
You bite the bat!
You kill the bat!
The ball python misses you. The ball python grabs you.
The ball python constricts you.
You completely miss the ball python. The ball python bites you.
* * * LOW HITPOINT WARNING * * *
The ball python constricts you.
* * * LOW HITPOINT WARNING * * *
You hit the ball python.
The ball python is moderately wounded.
Your transformation has ended.
The ball python bites you.
* * * LOW HITPOINT WARNING * * *
The ball python constricts you. The ball python barely misses you.
The ball python constricts you.
You escape the ball python's grasp.
It was a potion of cancellation.
You feel magically purged.
The ball python bites you but does no damage.
The ball python misses you.
It was a potion of might.
You feel very mighty all of a sudden. The ball python closely misses you.
The ball python grabs you. The ball python constricts you.
Casting: Spider Form (quite dangerous; 24% risk of failure)
Confirm with . or Enter, or press ? or * to list all spells.
Okay, then.
You barely miss the ball python.
The ball python is moderately wounded.
The ball python bites you.
* * * LOW HITPOINT WARNING * * *
The ball python constricts you.
The ball python bites you but does no damage.
The ball python constricts you.
You closely miss the ball python.
The ball python is moderately wounded.
The ball python bites you.
You die...

.##.....##########.#######.######
.##.....##....................#..
.##.....##.#######.###......#.#.#
..'.....+...................#.#.#
.##.....##.#.#.###.#.#.####.#.#.#
.##.....##.#.#...#..........#.#.#
.+...............................
.#########.#...#.S#.#...(.#...##.
.# #.###..@.#.#....##...#.. .#
#......###.###...#...#.# ####
###....#...).#.......#.# ...#
#####..###.###)###...#.#.#
...#####...)..#!.. ..?#...#...#
..............### .###...#...#
................# .#...#.#...#
.........).#....### ###.....#.#.#
...........#......# #...#####.#..


You could see a ball python.

Vanquished Creatures
  A gnoll (D:3)
  3 adders (D:2)
  3 worms (D:2)
  2 dart slugs
  6 endoplasms
  5 giant cockroaches
  7 goblins
  6 hobgoblins
  8 jackals
  3 quokkas
  7 ball pythons
  6 bats
  6 frilled lizards
  5 kobolds
  6 rats
74 creatures vanquished.

Notes
Turn   | Place    | Note
-------+----------+-------------------------------------------
     0 | D:1      | barney the Draconian Transmuter began the quest for the
                  | Orb.
     0 | D:1      | Reached XP level 1. HP: 16/16 MP: 3/3
   243 | D:1      | Reached XP level 2. HP: 21/23 MP: 3/5
   440 | D:1      | Found a faded altar of an unknown god.
   473 | D:1      | Reached skill level 3 in Transmutations
   738 | D:1      | Found Cuzyrph's Book Emporium.
   853 | D:1      | Reached XP level 3. HP: 22/28 MP: 4/6
  1204 | D:2      | Reached skill level 4 in Transmutations
  1352 | D:2      | Reached XP level 4. HP: 30/35 MP: 5/7
  2275 | D:3      | Reached skill level 5 in Transmutations
  2744 | D:3      | Learned a level 3 spell: Spider Form
  2747 | D:3      | Learned a level 2 spell: Wereblood
  2911 | D:3      | Slain by a ball python

Illustrated notes

Levels and vault maps discovered:
D:1:      matt_arrival_refuge, layout_basic,
          hellmonk_ecumenical_altar_crossroads, serial_shops, shop,
          minmay_crystal_water, chequers_serial_rivers_room_a
D:2:      layout_basic, st_stairs_5, minmay_tetromino_l2
D:3:      layout_basic, minmay_quantized

Skill      XL: |  1  2  3  4 |
---------------+-------------+-----
Transmutations | 3 4 5 |  5.1
Fighting       | |  1.1
Dodging        | |  1.7
Unarmed Combat | |  3.0
Spellcasting   | |  2.0

Action                   |  1- 3 |  4- 6 || total
-------------------------+-------+-------++-------
Melee: Unarmed           |   112 |    88 ||   200
       Kick              |    17 |    13 ||    30
       Punch             |     1 |       ||     1
       Headbutt          |    11 |     7 ||    18
       Tailslap          |     5 |     7 ||    12
 Cast: Beastly Appendage |    22 |    12 ||    34
       Spider Form       |       |     1 ||     1
  Use: Potion            |       |     2 ||     2
 Stab: Sleeping          |     1 |     1 ||     2
Armor: Skin              |    30 |    24 ||    54
Dodge: Dodged            |    83 |    87 ||   170
